AoeStats
← Rodrigo Seminario

Nomad

503502779Analyzed
1v1 RM · 1mo ago on Sep 1, 2026· 28m 29s· 2 players
Game mode
Random Map
Map size
126×126
Population
200
Speed
Normal
Resources
Standard
Victory
Conquest
Starting age
Dark Age
Ending age
Imperial Age
RankedLock teamsTeams togetherTeam positionsShared explorationLock speedFull tech treeHidden civsTurbo modeCheats
Victory
Defeat
🇵🇪 Japanese · Peru
1072
+15
🇺🇸 Persians · United States
1052
-15
SHEEP STEALER
13:16 Feudal Age
13:38 Double-Bit Axe
19:08 Castle Age
17:17 Fishing Lines
17:51 Horse Collar
18:18 Stone Mining
18:20 Gold Mining
19:52 Bow Saw
20:38 Medium Warships
20:50 Heavy Plow
21:04 Forging
22:16 Gillnets
28:05 Scale Barding Armor
Rodrigo Seminario
5:15 Loom
13:35 Feudal Age
14:40 Double-Bit Axe
16:02 Town Watch
19:42 Castle Age
19:46 Wheelbarrow
19:32 Forging
19:21 Gold Mining
19:56 Demolition Ship
20:52 Medium Warships
20:13 Man-at-Arms
21:06 Scale Barding Armor
23:23 Husbandry
24:17 Hand Cart
29:03 Thumb Ring
Connection lost

Rejoining the realm…

Still unreachable

The connection could not be restored.

Session expired

The server has moved on; the page needs a fresh start.